 Dungeon Crawl Stone Soup version 0.16.2-12-gd0ad4c3 (webtiles) character file.

18244 magipi the Cleaver (level 12, -11/103 (104) HPs)
             Began as a Ghoul Gladiator on Oct 11, 2015.
             Was a High Priest of Makhleb.
             Mangled by a frost giant
             ... wielding a +0 battleaxe of freezing
              (35 damage)
             ... in an ice cave.
             The game lasted 01:04:39 (8372 turns).

magipi the Cleaver (Ghoul Gladiator)                Turns: 8372, Time: 01:04:39

HP:   -11/103 (104) AC: 17    Str: 26    XL:     12   Next: 56%
MP:   25/25         EV:  9    Int:  4    God:    Makhleb [*****.]
Gold: 409           SH:  0    Dex: 12    Spells: 0 memorised, 11 levels left

rFire  . . .     SeeInvis +     a - +3 battleaxe
rCold  + . .     Clarity  .     y - +2 chain mail {rN+}
rNeg   + + +     SustAb   .     (no shield)
rPois  ∞         Gourm    .     c - +0 helmet
rElec  .         Spirit   .     v - +2 cloak of Unambiguity {-Cast MR++ Str+3 SInv}
rCorr  .         Warding  +     C - +2 pair of gloves
rMut   .         Stasis   .     (no boots)
MR     ++...     NoCast   +     F - amulet of warding
Stlth  ..........               A - +3 ring of strength
                                K - ring of stealth

@: rotting, very resistant to hostile enchantments, extremely unstealthy
A: rotting body, claws 1, carnivore 3, cold resistance 1, negative energy
resistance 3, poison resistance, slow healing 1, torment resistance, unbreathing
a: Minor Destruction, Lesser Servant of Makhleb, Major Destruction, Greater
Servant of Makhleb, Renounce Religion


You were in an ice cave.
You worshipped Makhleb.
Makhleb was extremely pleased with you.
You were not hungry.

You visited 3 branches of the dungeon, and saw 14 of its levels.
You also visited: Ice Cave.

You collected 634 gold pieces.
You spent 225 gold pieces at shops.

Inventory:

Hand weapons
 a - a +3 battleaxe (weapon)
 b - a +0 blowgun
Missiles
 f - 29 poisoned needles
 p - a tomahawk
 E - 7 curare-tipped needles
 O - 6 javelins (quivered)
Armour
 c - a +0 helmet (worn)
 v - the +2 cloak of Unambiguity (worn) {-Cast MR++ Str+3 SInv}
   (You found it on level 6 of the Dungeon)

   It affects your strength (+3).
   It affects your resistance to hostile enchantments.
   It enhances your eyesight.
   It prevents spellcasting.
 y - a +2 chain mail of positive energy (worn)
 C - a +2 pair of gloves (worn)
Jewellery
 k - an uncursed ring of magical power
 l - an uncursed ring of flight
 A - a +3 ring of strength (right hand)
 F - an amulet of warding (around neck)
 K - a ring of stealth (left hand)
 L - an uncursed ring of ice
 Q - an uncursed ring of wizardry
Magical devices
 m - a wand of lightning (8)
 n - a wand of digging (16)
 o - a wand of lightning (7)
 t - a wand of fire (2)
 w - a wand of polymorph (6)
 B - a wand of polymorph (0)
 M - a wand of magic darts (18)
 N - a wand of disintegration (9)
Scrolls
 g - 5 scrolls of teleportation
 h - a scroll of amnesia
 j - 6 scrolls of remove curse
 P - 2 scrolls of enchant weapon
 S - a scroll of recharging
Potions
 e - 2 potions of restore abilities
 r - 3 potions of curing
 u - a potion of brilliance
 x - a potion of beneficial mutation {unknown}
 z - a potion of magic {unknown}
 D - a potion of cancellation
 G - a potion of ambrosia {unknown}
 H - 2 potions of flight
 T - a potion of degeneration {unknown}
Books
 s - a Fen Folio

   Spells                             Type                      Level
   a - Corpse Rot                     Necromancy                   2
   b - Stone Arrow                    Conjuration/Earth            3
   c - Leda's Liquefaction            Hexes/Earth                  4
   d - Summon Forest                  Summoning/Translocation      5
   e - Hydra Form                     Transmutation                6
   f - Summon Hydra                   Summoning                    7
 I - a book of Enchantments

   Spells                             Type                      Level
   a - Tukima's Dance                 Hexes                        3
   b - Cause Fear                     Hexes                        4
   c - Silence                        Hexes/Air                    5
   d - Deflect Missiles               Charms/Air                   6
   e - Haste                          Charms                       6
   f - Discord                        Hexes                        8
Comestibles
 i - a meat ration
 q - a slice of pizza
 J - 7 beef jerkies
 R - 10 chunks of flesh


   Skills:
 - Level 9.0 Fighting
 - Level 11.5 Axes
 - Level 2.0 Throwing
 - Level 2.6 Dodging
 + Level 11.5 Invocations
 + Level 9.4 Evocations


You had 11 spell levels left.
You didn't know any spells.

Dungeon Overview and Level Annotations

Branches:
Dungeon (11/15)            Temple (1/1) D:6            Lair (2/8) D:11
    Orc: D:9-12

Altars:
Cheibriados
Elyvilon
Gozag
Makhleb
Nemelex Xobeh
Okawaru
Ru
The Shining One

Shops:
D:4 (   D:7 [

Annotations:
D:4 Eustachio; Typee's ghost, average DrTm
D:7 Duvessa
D:10 Erolcha


Innate Abilities, Weirdness & Mutations

Your body is rotting away.
You thrive on raw meat.
You have sharp fingernails.
You are carnivorous and can eat meat at any time.
Your flesh is cold resistant.
You are immune to negative energy.
Your system is resistant to poisons.
You heal slowly when monsters are visible.
You are immune to unholy pain and torment.
You can survive without breathing.

Vault maps used:
D:1:      matt_arrival_spirals
D:2:      nicolae_ru_great_annihilating_truth
D:3:      minmay_item_behind_shaft, elyvilon_altar_4
D:4:      cheibriados_altar_1, serial_shops,
          nicolae_shop_temple_entry_statues_fountains, uniq_crazy_yiuf_cottage,
          uniq_eustachio
D:5:      first_bread, minmay_misc_feat_alley, uniq_edmund
D:6:      grunt_decor_mini_mirrors, nemelex_deck, uniq_iyjb
D:7:      serial_shops, nicolae_shop_waterfront, nicolae_shop_statue_plus,
          uniq_joseph, uniq_duvessa
D:8:      uniq_blork_the_orc
D:9:      lemuel_coloured_pillars_altar, overflow_temple_1_default,
          grunt_ogre_cave
D:10:     uniq_erolcha
D:11:     hangedman_cross_cluster, david_lair_generic
Temple:   nicolae_temple_elliptical
Lair:2:   portal_ice_cave_entry_imps
IceCv:    ice_cave_caverns_03


Message History

Makhleb accepts your kill.
You feel a little better.
You slash the yak!
The yak is heavily wounded.
The yak gores you but does no damage.
You slash the yak!
The yak is almost dead.
The yak barely misses you.
You barely miss the yak.
The yak is almost dead.
The yak gores you but does no damage. x2
Read which item? (? for menu, Esc to quit)
Okay, then.
Drink which item? (? for menu, Esc to quit)
Okay, then.
You hit the yak but do no damage.
The yak is almost dead.
The yak gores you but does no damage.
You closely miss the yak.
The yak is almost dead.
The yak gores you.
You closely miss the yak.
The yak is almost dead.
The yak gores you but does no damage.
You slash the yak!
You kill the yak!
Makhleb accepts your kill.
You slash the yak!
The yak is moderately wounded.
The yak gores you but does no damage.
You hit the yak.
The yak is moderately wounded.
The yak gores you but does no damage.
You slash the yak!
The yak is severely wounded.
The yak closely misses you.
You slash the yak!
You kill the yak!
Makhleb accepts your kill.
You hit the yak.
The yak is lightly wounded.
The yak gores you but does no damage.
You slash the yak!
The yak is heavily wounded.
You hear a bellow!
The yak completely misses you.
You slice the yak!!
You kill the yak!
Makhleb accepts your kill.
You hit the frost giant but do no damage.
The frost giant hits you with a battleaxe of freezing!
The frost giant freezes you.
You hit the frost giant but do no damage.
The frost giant hits you but does no damage.
You slash the frost giant!
The frost giant is lightly wounded.
Drink which item? (? for menu, Esc to quit)
Okay, then.
Read which item? (? for menu, Esc to quit)
Okay, then.
You hit the frost giant.
The frost giant is lightly wounded.
The frost giant hits you with a battleaxe of freezing!!
You hear a bellow!
Unknown command.
You barely miss the frost giant.
The frost giant is lightly wounded.
The frost giant hits you with a battleaxe of freezing!!
The frost giant freezes you.
Unknown command.
Drink which item? (? for menu, Esc to quit)
You feel much better.
The frost giant points at you and mumbles some strange words.
The bolt of cold hits you!
Use which ability? (? or * to list)
A demon appears!
You feel somewhat more hungry.
The frost giant gestures at you while chanting.
The bolt of cold hits you! You resist.
Unknown command.
There is a fountain of sparkling water here.
The frost giant casts a spell at you. The bolt of cold hits you! You resist.
* * * LOW HITPOINT WARNING * * *
Your balrug gestures at the frost giant.
The bolt of fire hits the frost giant.
You hear an angry growl.
Unknown command.
Unknown command.
Unknown command.
Drink which item? (? for menu, Esc to quit)
You feel better.
Your balrug hits the frost giant with a demon whip!
The frost giant is engulfed in flames!!
Unknown command.
You barely miss the frost giant.
The frost giant is severely wounded.
Your balrug hits the frost giant with a demon whip.
The frost giant is engulfed in flames!!
The frost giant hits you with a battleaxe of freezing!!
You die...

≈≈≈≈≈≈≈≈≈###..## ###.÷.
#≈≈#≈≈≈≈ ###..# ####
#####≈≈≈####≈≈.##
###...##≈≈≈#≈≈####
##..##..≈#≈≈≈≈##
#..#####.≈≈#≈≈≈###
######h.#.Y#######≈≈≈#
..##Y..#..#$###.###≈≈≈≈≈≈≈≈#
#.Y.########$#.C@##########
##### ##†#2## #####


You could see a frost giant and a friendly balrug.

Table legend:
 A = Kills in this place as a percentage of kills in entire the game.
 B = Kills by you in this place as a percentage of kills by you in the entire game.
 C = Kills by friends in this place as a percentage of kills by friends in the entire game.
 D = Other kills in this place as a percentage of other kills in the entire game.
 E = Experience gained in this place as a percentage of experience gained in the entire game.
 F = Experience gained in this place divided by the number of levels of this place that you have seen.
                   A       B       C       D       E      F
               +-------+-------+-------+-------+-------+----------------------
         Total | 100.0 | 100.0 |  -nan |  -nan | 100.0 | 1737.6
       Dungeon |  77.4 |  77.4 |  -nan |  -nan |  48.1 | 1138.7
          Lair |  11.0 |  11.0 |  -nan |  -nan |   8.2 | 1068.5
      Ice Cave |  11.6 |  11.6 |  -nan |  -nan |  43.7 | 11401.0
               +-------+-------+-------+-------+-------+----------------------

Vanquished Creatures
  The ghost of tognito the Cleaver, a powerful MiBe of Trog (IceCv)
  2 death yaks (IceCv)
  An unseen horror (D:11)
  An ice statue (IceCv)
  A manticore (D:11)
  An elephant (D:11)
  Joseph (D:7)
  A spiny frog (Lair:2)
  The ghost of Gartch the Covert, an experienced SpEn (D:9)
  A komodo dragon (Lair:2)
  2 kobold demonologists (D:11)
  3 trolls
  9 polar bears (IceCv)
  A wraith (D:11)
  2 hippogriffs (Lair:1)
  26 yaks
  Edmund (D:5)
  A water moccasin (D:10)
  14 wolves (IceCv)
  A porcupine (Lair:1)
  A soldier ant (D:11)
  3 sky beasts
  3 ice beasts
  An orc warrior (D:4)
  A black bear (D:6)
  2 ogres
  3 phantoms
  2 centaurs
  2 big kobolds
  A crocodile (Lair:1)
  Blork the orc (D:8)
  4 giant frogs
  2 scorpions
  A killer bee (D:10)
  7 wights
  3 crimson imps
  2 giant frog zombies (D:11)
  A jelly (D:7)
  5 hounds
  A giant frog skeleton (D:4)
  2 goliath beetles
  5 iguanas
  8 orc priests
  16 orc wizards
  4 worker ants
  Ijyb (D:6)
  9 sheep
  A hound skeleton (D:7)
  18 adders
  4 gnolls (D:7)
  7 river rats (Lair:2)
  3 shadow imps
  2 giant mites
  14 white imps
  2 worms
  An adder zombie (D:7)
  4 giant geckos
  46 orcs
  A bat zombie (D:6)
  3 giant cockroaches
  13 hobgoblins
  9 jackals
  21 kobolds
  9 quokkas
  A ball python (D:1)
  14 bats
  A giant gecko skeleton (D:4)
  A giant gecko zombie (D:6)
  5 giant newts
  A giant spore (D:6)
  10 goblins
  5 rats
  A ballistomycete (D:6)
359 creatures vanquished.

Vanquished Creatures (others)
  2 fungi
  A plant (D:11)
3 creatures vanquished.

Grand Total: 362 creatures vanquished

Notes
Turn   | Place    | Note
--------------------------------------------------------------
     0 | D:1      | magipi, the Ghoul Gladiator, began the quest for the Orb.
     0 | D:1      | Reached XP level 1. HP: 17/17 MP: 1/1
   248 | D:1      | Reached skill level 3 in Axes
   248 | D:1      | Reached XP level 2. HP: 24/24 MP: 2/2
   582 | D:2      | Reached XP level 3. HP: 26/29 MP: 3/3
   764 | D:2      | Reached skill level 4 in Axes
   844 | D:2      | Reached XP level 4. HP: 36/36 MP: 3/3
   865 | D:2      | Found a sacrificial altar of Ru.
  1079 | D:3      | Found a white marble altar of Elyvilon.
  1175 | D:3      | Noticed an ice beast
  1203 | D:3      | Killed an ice beast
  1203 | D:3      | Reached skill level 5 in Axes
  1203 | D:3      | Reached XP level 5. HP: 6/41 MP: 4/4
  1342 | D:3      | HP: 2/41 [something/magic dart (8)]
  1348 | D:3      | Reached skill level 6 in Axes
  1348 | D:3      | Reached XP level 6. HP: 9/48 MP: 5/5
  1520 | D:4      | Found Supp's Weapon Shoppe.
  1743 | D:4      | Reached XP level 7. HP: 37/54 MP: 5/5
  1832 | D:4      | Reached skill level 7 in Axes
  1938 | D:4      | Found a snail-covered altar of Cheibriados.
  1978 | D:4      | Noticed Typee's ghost (average DrTm)
  1987 | D:4      | Noticed Eustachio
  2001 | D:5      | Entered Level 5 of the Dungeon
  2044 | D:5      | Noticed Edmund
  2060 | D:5      | Killed Edmund
  2060 | D:5      | Reached skill level 8 in Axes
  2347 | D:5      | Reached XP level 8. HP: 45/61 MP: 6/6
  2932 | D:6      | Reached skill level 5 in Fighting
  2942 | D:6      | Reached skill level 9 in Axes
  3137 | D:6      | Noticed Ijyb
  3155 | D:6      | Killed Ijyb
  3219 | D:6      | Found a staircase to the Ecumenical Temple.
  3224 | Temple   | Entered the Ecumenical Temple
  3234 | Temple   | Became a worshipper of Makhleb the Destroyer
  3339 | D:6      | Reached XP level 9. HP: 62/75 MP: 7/7
  3461 | D:6      | Found a sparkling altar of Nemelex Xobeh.
  3505 | D:6      | Got a heavily runed cloak
  3512 | D:6      | Identified the +2 cloak of Unambiguity {-Cast MR++ Str+3 SInv} (You found it on level 6 of the Dungeon)
  3574 | D:7      | Found Ucaixtuf's Antique Armour Boutique.
  3592 | D:7      | Bought a steaming scale mail for 225 gold pieces
  3616 | D:6      | Identified the +2 scale mail of the Many Planets {Stlth+} (You bought it in a shop on level 7 of the Dungeon)
  3740 | D:7      | You fall through a shaft!
  3874 | D:7      | Acquired Makhleb's first power
  3960 | D:7      | Reached skill level 10 in Axes
  4067 | D:7      | Noticed Joseph
  4091 | D:7      | Killed Joseph
  4234 | D:7      | Noticed Duvessa
  4269 | D:7      | Noticed a manticore
  4642 | D:8      | Acquired Makhleb's second power
  4642 | D:8      | Reached XP level 10. HP: 87/90 MP: 7/7
  4702 | D:8      | Noticed Blork the orc
  4721 | D:8      | Killed Blork the orc
  4915 | D:8      | Reached skill level 1 in Invocations
  5293 | D:9      | Reached skill level 11 in Axes
  5380 | D:9      | Noticed Gartch's ghost (experienced SpEn)
  5415 | D:9      | Killed Gartch's ghost
  5455 | D:9      | Found a white marble altar of Elyvilon.
  5744 | D:9      | Found an opulent altar of Gozag.
  5966 | D:10     | Entered Level 10 of the Dungeon
  6163 | D:10     | Noticed Erolcha
  6184 | D:11     | Acquired Makhleb's third power
  6225 | D:11     | Noticed a manticore
  6229 | D:11     | Killed a manticore
  6229 | D:11     | Reached skill level 5 in Invocations
  6285 | D:11     | Reached skill level 1 in Evocations
  6504 | D:11     | Noticed an unseen horror
  6512 | D:11     | Killed an unseen horror
  6512 | D:11     | Reached XP level 11. HP: 91/97 MP: 20/20
  6633 | D:11     | Noticed an elephant
  6634 | D:11     | Noticed a death yak
  6655 | D:11     | Killed an elephant
  6688 | D:11     | Found a staircase to the Lair.
  6693 | D:11     | Noticed a manticore
  6944 | D:10     | Acquired Makhleb's fourth power
  7221 | D:11     | Noticed a five-headed hydra
  7222 | D:11     | Noticed a cyclops
  7230 | D:11     | Reached skill level 5 in Evocations
  7239 | D:11     | Noticed a cyan ugly thing
  7270 | Lair:1   | Entered Level 1 of the Lair of Beasts
  7715 | Lair:2   | Found a frozen archway.
  7726 | Lair:2   | Acquired Makhleb's fifth power
  7749 | IceCv    | Entered an ice cave
  7749 | IceCv    | Noticed tognito's ghost (powerful MiBe)
  7783 | IceCv    | Killed tognito's ghost
  7838 | IceCv    | Noticed an ice statue
  7853 | IceCv    | Killed an ice statue
  7911 | IceCv    | Reached skill level 10 in Invocations
  7917 | IceCv    | Reached XP level 12. HP: 81/104 MP: 24/24
  8098 | IceCv    | Noticed a death yak
  8099 | IceCv    | Noticed a death yak
  8121 | IceCv    | Killed a death yak
  8131 | IceCv    | Killed a death yak
  8324 | IceCv    | Noticed a frost giant
  8324 | IceCv    | Noticed a death yak
  8372 | IceCv    | Mangled by a frost giant

Action                   |  1- 3 |  4- 6 |  7- 9 | 10-12 || total
-------------------------+-------+-------+-------+-------++-------
Melee: War axe           |    87 |   168 |    70 |       ||   325
       Battleaxe         |       |       |   438 |   594 ||  1032
 Fire: Blowgun           |       |       |       |    13 ||    13
Throw: Throwing net      |       |     3 |     2 |     1 ||     6
       Tomahawk          |       |       |     6 |     1 ||     7
Invok: Greater Servant o |       |       |       |     1 ||     1
Evoke: Wand              |       |       |     3 |       ||     3
  Use: Potion            |       |     1 |     2 |     3 ||     6
       Scroll            |       |       |    16 |     9 ||    25
 Stab: Held in net/web   |       |     2 |       |       ||     2
       Paralysed         |       |     1 |       |       ||     1
  Eat: Chunk             |     9 |    21 |    56 |    61 ||   147
       Royal jelly       |       |       |     1 |       ||     1

Action                   |  1- 3 |  4- 6 |  7- 9 | 10-12 || total
-------------------------+-------+-------+-------+-------++-------
Melee: War axe           |    87 |   168 |    70 |       ||   325
       Battleaxe         |       |       |   438 |   594 ||  1032
 Fire: Blowgun           |       |       |       |    13 ||    13
Throw: Throwing net      |       |     3 |     2 |     1 ||     6
       Tomahawk          |       |       |     6 |     1 ||     7
Invok: Greater Servant o |       |       |       |     1 ||     1
Evoke: Wand              |       |       |     3 |       ||     3
  Use: Potion            |       |     1 |     2 |     3 ||     6
       Scroll            |       |       |    16 |     9 ||    25
 Stab: Held in net/web   |       |     2 |       |       ||     2
       Paralysed         |       |     1 |       |       ||     1
  Eat: Chunk             |     9 |    21 |    56 |    61 ||   147
       Royal jelly       |       |       |     1 |       ||     1

Action                   |  1- 3 |  4- 6 |  7- 9 | 10-12 || total
-------------------------+-------+-------+-------+-------++-------
Melee: War axe           |    87 |   168 |    70 |       ||   325
       Battleaxe         |       |       |   438 |   594 ||  1032
 Fire: Blowgun           |       |       |       |    13 ||    13
Throw: Throwing net      |       |     3 |     2 |     1 ||     6
       Tomahawk          |       |       |     6 |     1 ||     7
Invok: Greater Servant o |       |       |       |     1 ||     1
Evoke: Wand              |       |       |     3 |       ||     3
  Use: Potion            |       |     1 |     2 |     3 ||     6
       Scroll            |       |       |    16 |     9 ||    25
 Stab: Held in net/web   |       |     2 |       |       ||     2
       Paralysed         |       |     1 |       |       ||     1
  Eat: Chunk             |     9 |    21 |    56 |    61 ||   147
       Royal jelly       |       |       |     1 |       ||     1
